 Dungeon Crawl Stone Soup version 0.29.1-1-gd02db69 (webtiles) character file.

Game seed: 17985488690124407928

139 Timinator the Insei (level 4, -1/52 HPs)
             Began as a Demigod Transmuter on Dec 22, 2022.
             Slain by a scorpion (6 damage)
             ... on level 4 of the Dungeon.
             The game lasted 00:10:14 (2856 turns).

Timinator the Insei (Demigod Transmuter)            Turns: 2856, Time: 00:10:14

Health: -1/52      AC: 22    Str: 11    XL:     4   Next: 70%
Magic:  8/9        EV:  2    Int: 15    God:
Gold:   116        SH:  0    Dex: 18    Spells: 4/7 levels left

rFire   . . .      SeeInvis .     - Unarmed
rCold   . . .      Faith    .   (no shield)
rNeg    + . .      Spirit   .   (body armour currently unavailable)
rPois   +          Reflect  .   (helmet currently unavailable)
rElec   .          Harm     .   (cloak currently unavailable)
rCorr   .          Rampage  .   (gloves currently unavailable)
Will    .....      NoTele   +   (boots currently unavailable)
Stlth   ++........              (no amulet)
HPRegen 0.17/turn               k - ring of positive energy
MPRegen 0.11/turn               j - ring of flight

@: tree-form, wereblooded (expiring)
A: stationary, stasis, torment immunity, boosted hp, high MP 1, forlorn, divine
attributes
a: no special abilities


You were on level 4 of the Dungeon.
You were a tree.
You visited 1 branch of the dungeon, and saw 4 of its levels.

You collected 116 gold pieces.

Inventory:

Armour
 a - a +0 robe
 g - a scarf of resistance (melded)
 l - a +0 ring mail (melded)
Jewellery
 j - a ring of flight (right branch)
 k - a ring of positive energy (left branch)
Scrolls
 c - 2 scrolls of teleportation {unknown}
 d - a scroll of identify {unknown}
 f - 2 scrolls of poison {unknown}
 i - a scroll of noise {unknown}
 n - a scroll of fear {unknown}
 o - a scroll of vulnerability {unknown}
Potions
 b - a potion of lignification
 e - 2 potions of cancellation {unknown}
 h - a potion of ambrosia {unknown}
 m - 3 potions of mutation {unknown}


   Skills:
 * Level 1.5 Fighting
 * Level 1.1 Armour
 * Level 2.6 Dodging
 + Level 3.4 Unarmed Combat
 + Level 2.1 Spellcasting
 * Level 2.6 Transmutations


You had 4 spell levels left.
You knew the following spells:

 Your Spells              Type           Power      Damage    Failure   Level
a - Beastly Appendage     Tmut           18%        N/A       8%          1
b - Wereblood             Tmut           9%         N/A       11%         2

Your spell library contained the following spells:

 Spells                   Type           Power      Damage    Failure   Level
 Static Discharge         Conj/Air       1%         3-4/arc   32%         2
 Spider Form              Tmut/Pois      5%         N/A       36%         3
 Gell's Gravitas          Tloc           1%         N/A       54%         3
 Teleport Other           Tloc           1%         N/A       54%         3
 Ice Form                 Ice/Tmut       5%         N/A       77%         4
 Lightning Bolt           Conj/Air       0%         1d11      99%         5
 Dispersal                Tloc           0%         N/A       100%        6
 Maxwell's Capacitive Co  Air            0%         ∞         100%        8


Dungeon Overview and Level Annotations

Branches:
Dungeon (4/15)             Temple (0/1) D:4


Innate Abilities, Weirdness & Mutations

You are a tree.
Your roots penetrate the ground, keeping you stationary.
You cannot be teleported.
You are immune to unholy pain and torment.
Your maximum health is greatly increased.
Your equipment is partially melded.
You have an increased reservoir of magic. (+10% MP)
You shall have no god before yourself.
Your divine heritage dramatically boosts your attributes as you level up.


Message History

You turn into a tree.
Your scarf of resistance melds into your body.
Your +0 ring mail melds into your body.
You feel hot and cold all over.
Your roots penetrate the ground.
You feel sick.
The scorpion stings you but does no damage.
You hit the scorpion.
The scorpion is moderately wounded.
You feel sick.
The scorpion stings you but does no damage.
You barely miss the scorpion.
The scorpion is moderately wounded.
You feel sick.
The scorpion stings you but does no damage.
You hit the scorpion but do no damage.
The scorpion is moderately wounded.
The scorpion stings you but does no damage.
You hit the scorpion.
The scorpion is heavily wounded.
You feel sick.
You are no longer poisoned.
The scorpion stings you but does no damage.
You hit the scorpion.
The scorpion is heavily wounded.
The scorpion stings you but does no damage. x2
You hit the scorpion but do no damage.
The scorpion is heavily wounded.
The scorpion stings you.
* * * LOW HITPOINT WARNING * * *
You hit the scorpion.
The scorpion is almost dead.
The scorpion stings you but does no damage.
You barely miss the scorpion.
The scorpion is almost dead.
The scorpion stings you.
* * * LOW HITPOINT WARNING * * *
You hit the scorpion.
The scorpion is almost dead.
Your primal bloodlust is almost over.
The scorpion stings you.
You die...

#.........# #.........#
#........# . ##.##...##
.. #...#...# ...
#.8.#...## ....
#...#....# .....
###.###...##......
#⌠...⌠#...♣s......
#######.....#...##......
#.....#..>..#...# #....
#.....#.....##### ...
#.....#⌠...⌠### .
#.....###.###.#
#......#...#..#
#......#.8.#..#
#......#...#..######


You could see a scorpion.

Vanquished Creatures
  6 adders
  3 dart slugs
  6 orcs (D:3)
  5 bats
  6 endoplasms
  5 giant cockroaches
  6 goblins
  6 hobgoblins
  4 quokkas
  6 ball pythons
  5 frilled lizards
  7 kobolds
  6 rats
71 creatures vanquished.

Notes
Turn   | Place    | Note
-------+----------+-------------------------------------------
     0 | D:1      | Timinator the Demigod Transmuter began the quest for the
                  | Orb.
     0 | D:1      | Reached XP level 1. HP: 15/15 MP: 5/5
    36 | D:1      | Reached skill level 1 in Fighting
    64 | D:1      | Reached XP level 2. HP: 11/23 MP: 7/7
   234 | D:1      | Learned a level 2 spell: Wereblood
   326 | D:1      | Reached skill level 3 in Unarmed Combat
   930 | D:1      | Reached XP level 3. HP: 23/28 MP: 8/8
  2189 | D:3      | Reached XP level 4. HP: 35/35 MP: 5/9
  2195 | D:3      | Reached skill level 1 in Armour
  2804 | D:4      | Found a staircase to the Ecumenical Temple.
  2856 | D:4      | Slain by a scorpion

Illustrated notes

Levels and vault maps discovered:
D:1:      erik_arrival_orb_chamber, layout_rooms, st_stairs_14
D:2:      layout_basic, hellmonk_ecumenical_altar_run_dry,
          nicolae_underground_beach
D:3:      layout_rooms, hangedman_decor_points, serial_bayou_pond_e
D:4:      layout_basic, lightli_temple_of_fire, kennysheep_mini,
          minmay_temple_entry_antechambers, grunt_ministairs_6, uniq_ijyb,
          uniq_sigmund, uniq_eustachio

Skill      XL: |  1  2  3  4 |
---------------+-------------+-----
Fighting       | 1 |  1.5
Dodging        | 2 |  2.6
Transmutations | 2 |  2.6
Unarmed Combat | 3 |  3.4
Spellcasting   | 2 |  2.1
Armour         | 1 |  1.1

Action                   |  1- 3 |  4- 6 || total
-------------------------+-------+-------++-------
Melee: Unarmed           |   134 |    68 ||   202
       Kick              |    34 |    13 ||    47
       Headbutt          |     9 |     6 ||    15
 Cast: Beastly Appendage |    24 |    10 ||    34
       Wereblood         |     2 |     3 ||     5
  Use: Potion            |       |     1 ||     1
 Stab: Sleeping          |     1 |       ||     1
Armor: Robe              |    19 |       ||    19
       Ring mail         |       |    14 ||    14
       Skin              |       |     8 ||     8
Dodge: Dodged            |    74 |    28 ||   102
